 Dungeon Crawl Stone Soup version 0.23.2-1-ga50397a6bc (webtiles) character file.

Game seed: 11692846955746634857

4825 Foic the Grappler (level 10, -14/98 HPs)
             Began as a Troll Fighter on May 30, 2019.
             Was a Believer of Yredelemnul.
             Demolished by a red ugly thing (19 damage)
             ... on level 10 of the Dungeon.
             The game lasted 00:27:41 (7270 turns).

Foic the Grappler (Troll Fighter)                   Turns: 7270, Time: 00:27:42

Health: -14/98     AC: 12    Str: 27    XL:     10   Next: 25%
Magic:  6/10       EV: 14    Int:  4    God:    Yredelemnul [**....]
Gold:   601        SH: 10    Dex: 11    Spells: 9/9 levels left

rFire    . . .     SeeInvis .     - Unarmed
rCold    . . .     Gourm    +   b - +0 shield
rNeg     . . .     Faith    .   a - +0 robe
rPois    .         Spirit   .   (helmet restricted)
rElec    .         Reflect  .   r - +0 cloak
rCorr    .         Harm     .   (gloves unavailable)
MR       .....                  (boots unavailable)
Stlth    ++........             f - amulet of rage
HPRegen  0.66/turn              l - +3 ring of evasion
MPRegen  0.12/turn              C - +5 ring of protection

@: no status effects
A: large, unfitting armour, claws 3, fast metabolism 3, gourmand, regeneration
1, shaggy fur 1, tough skin 3
a: Animate Remains, Recall Undead Slaves, Injury Mirror, Renounce Religion,
Evoke Berserk Rage


You were on level 10 of the Dungeon.
You worshipped Yredelemnul.
Yredelemnul was pleased with you.
You were very full.

You visited 2 branches of the dungeon, and saw 11 of its levels.

You collected 601 gold pieces.

Inventory:

Missiles
 h - 352 stones (quivered)
 m - 34 poisoned needles
 D - 2 poisoned tomahawks
 G - 8 large rocks
 M - 15 tomahawks
Armour
 a - a +0 robe (worn)
 b - a +0 shield (worn)
 r - a +0 cloak (worn)
Jewellery
 f - an amulet of rage (around neck)
 l - a +3 ring of evasion (left claw)
 s - an uncursed ring of teleportation
 y - an uncursed ring of stealth
 C - a +5 ring of protection (right claw)
 H - a cursed ring of attention
 N - an uncursed ring of wizardry
 P - an uncursed amulet of magic regeneration
 R - an uncursed ring of ice
Wands
 E - a wand of paralysis (11)
 L - a wand of polymorph (6)
Scrolls
 g - 8 scrolls of identify
 k - 4 scrolls of noise {unknown}
 o - 4 scrolls of teleportation {unknown}
 p - 2 scrolls of magic mapping {unknown}
 q - 2 scrolls of fear {unknown}
 v - 5 scrolls of immolation {unknown}
 w - 3 scrolls of remove curse
 z - 5 scrolls of amnesia {unknown}
 J - a scroll of brand weapon {unknown}
 K - a scroll of enchant armour {unknown}
 O - a scroll of blinking {unknown}
 Q - a scroll of acquirement {unknown}
Potions
 c - 2 potions of might
 e - 2 potions of lignification
 i - 2 potions of degeneration {unknown}
 j - 3 potions of brilliance {unknown}
 n - 2 potions of berserk rage {unknown}
 t - a potion of cancellation {unknown}
 u - 2 potions of resistance {unknown}
 x - a potion of ambrosia {unknown}
 A - a potion of heal wounds {unknown}
 B - 5 potions of curing
 F - a potion of mutation {unknown}
 I - a potion of haste {unknown}
Comestibles
 d - 29 rations


   Skills:
 * Level 6.0 Fighting
 * Level 6.9 Dodging
 + Level 1.6 Stealth
 + Level 5.0 Shields
 + Level 9.4 Unarmed Combat
 + Level 2.1 Invocations


You had 9 spell levels left.
You didn't know any spells.
Your spell library was empty.

Dungeon Overview and Level Annotations

Branches:
Dungeon (10/15)            Temple (1/1) D:7             Orc (0/2) D:9
   Lair: D:8-11

Altars:
Ashenzari
Cheibriados
Dithmenos
Elyvilon
Fedhas
Gozag
Hepliaklqana
Kikubaaqudgha
Makhleb
Nemelex Xobeh
Okawaru
Qazlal
Ru
Sif Muna
Trog
Uskayaw
Vehumet
Wu Jian
Xom
Yredelemnul
Zin
The Shining One

Shops:
D:5 *   D:9 *

Annotations:
D:5 gold dragon scales AC12 770g
D:9 2 transporters, Norn's ghost, novice OpWz


Innate Abilities, Weirdness & Mutations

You are too large for most types of armour.
You have claws for hands.
Your metabolism is lightning-fast.
You like to eat raw meat.
Your natural rate of healing is unusually fast.
You are covered in fur. (AC +1)
You have extremely tough skin. (AC +3)


Message History

You mangle the red ugly thing!!
The red ugly thing is heavily wounded.
The red ugly thing stings you.
You are engulfed in flames!
You closely miss the red ugly thing.
The red ugly thing is heavily wounded.
The red ugly thing stings you but does no damage.
You barely miss the red ugly thing.
The red ugly thing is heavily wounded.
The red ugly thing stings you!
You are engulfed in flames!
* * * LOW HITPOINT WARNING * * *
There is an open door here.
The red ugly thing stings you!
* * * LOW HITPOINT WARNING * * *
You are engulfed in flames!!
* * * LOW HITPOINT WARNING * * *
You feel better. The red ugly thing stings you!
* * * LOW HITPOINT WARNING * * *
You are engulfed in flames!!
You die...
Your body rises from the dead as a mindless zombie.

#........#####......
#...................
#.......####'######
#.......#...........
#########.......#...........
#.......#.####..'...........
#.......#.# #..#...........
#.......'.####..#...........
###....#..@u...###########.
#....###########
#...........>..#
+.....<........#
#..............#
#..............#
#..............#
#..............#
#..............#


You could see a red ugly thing.

Vanquished Creatures
  Pikel (D:5)
  Maurice (D:8)
  A troll (D:7)
  A hippogriff (D:8)
  A yak (D:7)
  An ice beast (D:5)
  2 sky beasts
  4 slaves (D:5)
  A black bear (D:7)
  3 orc warriors
  2 phantoms
  5 ogres
  4 centaurs
  A big kobold (D:8)
  3 bullfrogs
  A gnoll sergeant (D:8)
  4 scorpions
  3 wights (D:7)
  5 howler monkeys
  2 crimson imps (D:6)
  A bullfrog zombie (D:7)
  2 jellies
  4 orc priests
  12 orc wizards
  2 iguanas
  6 worker ants
  A killer bee zombie (D:7)
  2 hound skeletons
  2 worker ant zombies (D:9)
  6 gnolls
  13 adders
  3 oozes
  An adder zombie (D:5)
  5 worms
  2 dart slugs
  2 leopard geckos
  34 orcs
  11 bats
  3 giant cockroaches
  7 goblins
  6 hobgoblins
  3 jackals
  5 quokkas
  7 frilled lizards
  A jackal skeleton (D:7)
  A jackal zombie (D:5)
  5 kobolds
  A quokka skeleton (D:9)
  4 rats (D:1)
198 creatures vanquished.

Vanquished Creatures (collateral kills)
  A phantom (D:8)
  An orc wizard (D:7)
  A gnoll (D:8)
  An orc (D:8)
4 creatures vanquished.

Vanquished Creatures (others)
  A centaur skeleton (D:8)
  A dwarf skeleton (D:8)
  An adder skeleton (D:8)
  4 orc skeletons (D:8)
  2 kobold zombies (D:8)
9 creatures vanquished.

Grand Total: 211 creatures vanquished

Notes
Turn   | Place    | Note
-------+----------+-------------------------------------------
     0 | D:1      | Foic the Troll Fighter began the quest for the Orb.
     0 | D:1      | Reached XP level 1. HP: 22/22 MP: 0/0
   109 | D:1      | Reached XP level 2. HP: 27/29 MP: 1/1
  1125 | D:2      | Reached XP level 3. HP: 35/36 MP: 2/2
  1487 | D:2      | Reached XP level 4. HP: 44/44 MP: 3/3
  2448 | D:4      | Reached skill level 3 in Unarmed Combat
  2448 | D:4      | Reached XP level 5. HP: 47/53 MP: 4/4
  2811 | D:4      | Noticed an ogre
  2813 | D:4      | Noticed a phantom
  2816 | D:4      | Killed an ogre
  2816 | D:4      | Reached XP level 6. HP: 61/61 MP: 5/5
  2842 | D:4      | Reached skill level 4 in Unarmed Combat
  2944 | D:5      | Entered Level 5 of the Dungeon
  3012 | D:5      | Reached XP level 7. HP: 67/67 MP: 6/6
  3030 | D:5      | Reached skill level 5 in Unarmed Combat
  3320 | D:5      | Found Buowuit's Lightly-Used Armoury.
  3325 | D:5      | Noticed Pikel
  3507 | D:5      | Killed Pikel
  3507 | D:5      | Reached skill level 5 in Dodging
  3507 | D:5      | Reached skill level 6 in Unarmed Combat
  3507 | D:5      | Reached XP level 8. HP: 64/78 MP: 7/7
  3677 | D:6      | Found a basalt altar of Yredelemnul.
  3680 | D:6      | Reached skill level 1 in Stealth
  3686 | D:6      | Became a worshipper of Yredelemnul the Dark
  3894 | D:6      | Reached skill level 7 in Unarmed Combat
  3937 | D:6      | Found a hazy altar of Hepliaklqana.
  4450 | D:7      | Reached * piety under Yredelemnul
  4548 | D:7      | Reached XP level 9. HP: 85/85 MP: 8/8
  4712 | D:7      | Found a blossoming altar of Fedhas.
  4758 | D:7      | Reached skill level 8 in Unarmed Combat
  4787 | D:7      | Noticed a troll
  4794 | D:7      | Killed a troll
  4794 | D:7      | Reached skill level 5 in Fighting
  4888 | D:7      | Found a staircase to the Ecumenical Temple.
  4895 | Temple   | Entered the Ecumenical Temple
  5634 | D:8      | Noticed Maurice
  5849 | D:8      | Reached skill level 1 in Invocations
  6178 | D:8      | Reached ** piety under Yredelemnul
  6204 | D:8      | Reached skill level 9 in Unarmed Combat
  6306 | D:8      | Reached XP level 10. HP: 93/98 MP: 7/10
  6463 | D:8      | Killed Maurice
  6677 | D:9      | Reached skill level 5 in Shields
  6750 | D:9      | Found a bloodstained altar of Trog.
  6873 | D:9      | Found a transporter.
  6874 | D:9      | Noticed Norn's ghost (novice OpWz)
  6897 | D:9      | Found a transporter.
  6964 | D:9      | Found Guixt's General Store.
  7179 | D:9      | Found a staircase to the Orcish Mines.
  7217 | D:10     | Entered Level 10 of the Dungeon
  7250 | D:10     | Noticed a red ugly thing
  7267 | D:10     | HP: 2/98 [red ugly thing (20)]
  7270 | D:10     | Demolished by a red ugly thing

Skill      XL: |  1  2  3  4  5  6  7  8  9 10 |
---------------+-------------------------------+-----
Dodging        | 3 4 5 6 |  6.9
Fighting       | 3 4 5 6 |  6.0
Unarmed Combat | 3 4 6 7 9 |  9.4
Shields        | 3 4 5 |  5.0
Stealth        | 1 |  1.6
Invocations    | 1 2 |  2.1

Action                   |  1- 3 |  4- 6 |  7- 9 | 10-12 || total
-------------------------+-------+-------+-------+-------++-------
Melee: Unarmed           |   115 |   141 |   406 |    67 ||   729
Throw: Stone             |       |       |     3 |       ||     3
Invok: Animate Remains   |       |       |    22 |     8 ||    30
       Recall Undead Sla |       |       |       |     3 ||     3
  Use: Scroll            |     2 |     2 |       |     2 ||     6
       Potion            |       |       |       |     1 ||     1
 Stab: Sleeping          |     1 |     1 |     4 |     1 ||     7
       Distracted        |       |       |       |     1 ||     1
  Eat: Chunk             |    15 |    18 |    38 |     9 ||    80
Armor: Robe              |    44 |    25 |    83 |    21 ||   173
Dodge: Dodged            |    29 |    50 |   129 |    25 ||   233
Block: Shield            |    53 |    47 |   143 |    30 ||   273
